 Dungeon Sprint DCSS version 0.28-a0-245-g639a1a48b9 (webtiles) character file.

Game seed: 5696706148440974715

340829 jt the Executioner (level 15, 97/124 HPs)
             Began as a Palentonga Berserker on Aug 24, 2021.
             Was the Champion of Trog.
             Escaped with the Orb!
             The game lasted 00:41:45 (5987 turns).

jt the Executioner (Palentonga Berserker)           Turns: 5987, Time: 00:41:46

Health: 97/124     AC: 37    Str: 31    XL:     15   Next: 42%
Magic:  15/24      EV:  5    Int: 12    God:    Trog [******]
Gold:   5249       SH:  5    Dex: 10    Spells: 14/14 levels left

rFire   + + .      SeeInvis +   L - +10 battleaxe "Jemegg" {vorpal, rC+}
rCold   + + +      Faith    .   (shield currently unavailable)
rNeg    + . .      Spirit   .   O - +2 gold dragon scales
rPois   +          Reflect  +   N - +0 mask of the Dragon {Will+ Slay+3 SInv}
rElec   .          Harm     .   X - +0 cloak {Stlth+}
rCorr   .          Rampage  .   k - +1 pair of gloves {Stlth+}
Will    +++..      NoTele   +   l - +4 barding of the Forest {Will+ Str+4}
Stlth   ..........              R - amulet "Hith" {Reflect rF+ MP+9 SH+5}
HPRegen 0.30/turn               j - ring "Lofiohul" {rC+ rN+ Int+3 Stlth+}
MPRegen 0.19/turn               G - ring "Ommem" {+Blink Fly rC+ Stlth-}

@: flying, studying 2 skills
A: large, rugged brown scales 3, see invisible, deformed body, roll 1, armoured
tail, reflexive curl, camouflage 1, clever 1, frail 2, sense surroundings 1,
inability to read while threatened, MP-powered wands
0: Orb of Zot
a: Rolling Charge, Renounce Religion, Evoke Blink, Berserk, Trog's Hand,
Brothers in Arms


You escaped.
You worshipped Trog.
Trog was exalted by your worship.
You visited 1 branch You collected 6354 gold pieces.
You spent 1105 gold pieces at shops.

Inventory:

Hand Weapons
 a - the +5 war axe "Heku" {vamp, rPois rC- Dex+8 Stlth+}
   (You bought it in a shop in the Dungeon)

   It occasionally heals its wielder for a portion of the damage dealt when it
   wounds a living foe.
   Dex:       It affects your dexterity (+8).
   rC:        It makes you vulnerable to cold.
   rPois:     It protects you from poison.
   Stlth:     It makes you more stealthy.
 c - a +2 broad axe of flaming
 d - the +3 mace of Qism {vorpal, rPois rC+ Will+}
   (You found it in the Dungeon)

   It inflicts extra damage upon your enemies.
   rC:        It protects you from cold.
   rPois:     It protects you from poison.
   Will:      It increases your willpower.
 i - the +8 spear "Mukhlako" {elec, rPois rN+ Dex+2}
   (You found it in the Dungeon)

   It occasionally discharges a powerful burst of electricity upon striking a
   foe.
   Dex:       It affects your dexterity (+2).
   rPois:     It protects you from poison.
   rN:        It protects you from negative energy.
 F - a +4 battleaxe of flaming
 I - a +5 vorpal executioner's axe
 L - the +10 battleaxe "Jemegg" (weapon) {vorpal, rC+}
   (Trog gifted it to you in the Dungeon)

   It inflicts extra damage upon your enemies.
   rC:        It protects you from cold.
 S - a +1 executioner's axe of electrocution
 U - the +14 obsidian axe {vorpal, Drain Fly SInv}
   (Trog gifted it to you in the Dungeon)

   It inflicts extra damage upon your enemies.
   It occasionally summons demons to assist the wielder when it strikes in
   combat.
   Its wielder is mesmerised by any visible foes.
   It cannot be unequipped while any foes are visible.
   SInv:      It lets you see invisible.
   Fly:       It grants you flight.
   Drain:     It drains your maximum health when unequipped.
 V - a +2 antimagic broad axe
Missiles
 m - 5 curare-tipped darts
 u - 3 boomerangs of dispersal
 A - 4 javelins
 E - 49 poisoned darts
Armour
 b - a scarf of shadows
 k - a +1 pair of gloves of stealth (worn)
 l - the +4 barding of the Forest (worn) {Will+ Str+4}
   (You acquired it in the Dungeon)

   Str:       It affects your strength (+4).
   Will:      It increases your willpower.
 n - a +0 pair of gloves of dexterity
 q - the +0 chain mail "Limejil" {+Blink Will++}
   (You found it in the Dungeon)

   +Blink:    It lets you blink.
   Will:      It greatly increases your willpower.
 s - a +0 buckler
 D - a +1 helmet of intelligence
 H - the +5 ring mail of Inference {rF+ Dex+6}
   (You bought it in a shop in the Dungeon)

   Dex:       It affects your dexterity (+6).
   rF:        It protects you from fire.
 K - the -3 helmet of Dageer {rElec}
   (You acquired it in the Dungeon)

   rElec:     It insulates you from electricity.
 N - the +0 mask of the Dragon (worn) {Will+ Slay+3 SInv}
   (You found it in the Dungeon)

   Slay:      It affects your accuracy & damage with ranged weapons and melee
   (+3).
   SInv:      It lets you see invisible.
   Will:      It increases your willpower.
 O - +2 gold dragon scales (worn)
 T - a +3 barding of cold resistance
 X - a +0 cloak of stealth (worn)
Jewellery
 j - the ring "Lofiohul" (left hand) {rC+ rN+ Int+3 Stlth+}
   (You acquired it in the Dungeon)

   [ring of positive energy]

   Int:       It affects your intelligence (+3).
   rC:        It protects you from cold.
   rN:        It protects you from negative energy.
   Stlth:     It makes you more stealthy.
 w - a +6 ring of strength
 G - the ring "Ommem" (right hand) {+Blink Fly rC+ Stlth-}
   (You found it in the Dungeon)

   [ring of flight]

   rC:        It protects you from cold.
   Fly:       It grants you flight.
   +Blink:    It lets you blink.
   Stlth:     It makes you less stealthy.
 P - an amulet of regeneration
 Q - the ring of Cynicism {rPois rF+ rCorr}
   (You found it in the Dungeon)

   [ring of resist corrosion]

   rF:        It protects you from fire.
   rPois:     It protects you from poison.
   rCorr:     It protects you from acid and corrosion.
 R - the amulet "Hith" (around neck) {Reflect rF+ MP+9 SH+5}
   (You acquired it in the Dungeon)

   [amulet of reflection]

   It reflects blocked missile attacks.
   rF:        It protects you from fire.
   MP:        It affects your magic capacity (+9).
   SH:        It affects your SH (+5).
 Z - the ring "Taraula" {Fire *Corrode Will+ Int+4}
   (You found it in the Dungeon)

   [ring of fire]

   It enhances your fire magic.
   Int:       It affects your intelligence (+4).
   rF:        It protects you from fire.
   rC:        It makes you vulnerable to cold.
   *Corrode:  It may corrode you when you take damage.
   Will:      It increases your willpower.
Scrolls
 h - 3 scrolls of blinking
 p - 2 scrolls of silence
 x - a scroll of amnesia
 y - a scroll of magic mapping
 B - a scroll of vulnerability
 M - a scroll of torment
Potions
 e - 5 potions of haste
 f - 14 potions of magic
 g - 4 potions of curing
 o - 3 potions of heal wounds
 r - 23 potions of mutation
 z - 2 potions of resistance
Miscellaneous
 v - a phial of floods
 J - a tin of tremorstones (2/2)
 W - a box of beasts
 Y - a condenser vane


   Skills:
 + Level 20.8 Fighting
 + Level 22.1 Axes
 - Level 6.0 Throwing
 + Level 18.6 Armour
 - Level 6.2 Dodging
 - Level 2.2 Stealth
 - Level 2.4 Shields
 + Level 9.4 Evocations


You had 14 spell levels left.
You didn't know any spells.
Your spell library was empty.

Dungeon Overview and Level Annotations

Branches:
Dungeon (1/1)

Altars:
Cheibriados
Dithmenos
Elyvilon
Fedhas
Gozag
Hepliaklqana
Kikubaaqudgha
Makhleb
Nemelex Xobeh
Okawaru
Qazlal
Ru
Sif Muna
Trog
Uskayaw
Vehumet
Wu Jian
Xom
Yredelemnul
Zin
The Shining One
Beogh
Jiyva
Lugonu

Shops:
D (:[!:*!(=?:[?[=[![*:

Annotations:
D exclusion: orange crystal statue


Innate Abilities, Weirdness & Mutations

You are completely covered in rugged brown scales. (AC +3, +7% HP)
You have supernaturally acute eyesight. (SInv)
Armour fits poorly on your strangely shaped body.
You can roll at nearby foes to attack.
You have a long armoured tail.
You curl defensively after being hit.
Your skin changes colour to match your surroundings (Stealth+).
Your mind is acute. (Int +2)
You are very frail. (-20% HP)
You passively map a small area around you.
You sometimes lose the ability to read scrolls when taking damage.
You expend magic power (3 MP) to strengthen your wands.


Message History

You hit the Orb Guardian.
You kill the Orb Guardian!
Trog accepts your kill. Trog grants you a weapon!
Something appears at your feet!
You see here a +2 antimagic war axe.
Press: ? - help, v - describe, . - travel, g - get item Item here: a +2 antimagic war axe.
The floor, spattered with blood.
This square is covered in magical glow.
There is a fountain of blood here.
You feel magic returning to you.
L - the +10 battleaxe "Jemegg" (weapon)
{vorpal, rC+} You see here a +0 dagger of venom.
You feel much better.
You barely miss the demonic crawler.
You tail-slap the demonic crawler, but do no damage.
The demonic crawler hits you but does no damage. x3
You barely miss the demonic crawler.
Your extra speed is starting to run out.
You slice the demonic crawler!!
The demonic crawler is severely wounded.
You block the demonic crawler's attack.
The demonic crawler hits you but does no damage. x2
You slice the demonic crawler!!
The demonic crawler is almost dead.
You slash the demonic crawler!
You kill the demonic crawler!
Trog accepts your kill.
There is a fountain of blood here.
There is an open door here.
Your skin crawls.
You feel strong-willed.
You feel yourself slow down.
You can read scrolls again.
You feel the effects of Trog's Hand fading.
Your skin stops crawling.
You feel less strong-willed.
There is an open door here.
There is an open door here.
There is a staircase leading out of the dungeon here.
You have escaped!

##########≈≈#+++#+++#####.^..#!##
#########≈≈≈.........#..'.^..#..#
.∩.∩....#≈≈≈≈.##'##..#..####.#..#
..∩)∩...#≈≈≈≈##.#.##.####)|+.##)#
...∩.∩..#≈≈≈≈#..#..#....#..#...##
....∩.⌠.#≈≈####.#.####..#####^^##
...∩.∩..#≈##.###'###.##..#..'..#.
..∩[.[..#≈#..###.##...#..#..#..#.
.∩.∩....'≈'##.'.@.'.##'..####..##
∩.∩.....#≈#..###.##...#....###..(
▓▓▓▓▓▓###≈##.###'###.##......≈≈≈≈
...######≈≈####...####§≈.§.§.≈#+#
(..#)○°○##≈≈≈#..#..#≈≈≈§≈≈≈..≈#..
∩..†..#○##'#≈##≈..##≈≈≈§≈≈≈≈.≈#._
...#.##○##.#≈≈##§##≈≈§≈≈§≈≈≈≈≈#_.
...###°≈○####≈≈≈§≈≈≈≈≈≈≈§≈§≈≈≈#._
#)###≈≈≈○○# #'§§#§§'#≈≈≈§§≈≈≈≈#..


There were no monsters in sight!

Vanquished Creatures
  the Lernaean hydra (D)
  An electric golem (D)
  An Orb Guardian (D)
  A deep elf blademaster (D)
  A deep elf master archer (D)
  3 quicksilver dragons (D)
  Gastronok (D)
  A kraken (D)
  2 sphinxes (D)
  A draconian knight (D)
  A draconian shifter (D)
  Nessos (D)
  3 lorocyprocas (D)
  A dire elephant (D)
  A crystal guardian (D)
  A great orb of eyes (D)
  A fire dragon (D)
  An iron elemental (D)
  An iron golem (D)
  3 sixfirhies (D)
  2 death drakes (D)
  2 deep trolls (D)
  An obsidian statue (D)
  A harpy (D)
  3 orc sorcerers (D)
  15 shining eyes (D)
  An oklob plant (D)
  3 toenail golems (D)
  An ice statue (D)
  A merfolk siren (D)
  An eye of devastation (D)
  2 cane toads (D)
  2 unseen horrors (D)
  A demonic crawler (D)
  A yaktaur (D)
  5 polar bears (D)
  A hornet (D)
  2 slime creatures (D)
  A blink frog (D)
  18 flying skulls (D)
  2 redbacks (D)
  3 yaks (D)
  3 wyverns (D)
  Menkaure (D)
  3 water moccasins (D)
  10 floating eyes (D)
  2 swamp drakes (D)
  4 necrophages (D)
  2 earth elementals (D)
  4 scorpions (D)
  9 electric eels (D)
  4 orc priests (D)
  A jelly (D)
  A spectral adder (D)
  A spectral ball python (D)
  A ballistomycete spore (D)
  4 tentacles (D)
146 creatures vanquished.

Vanquished Creatures (collateral kills)
  A hellephant (D)
  Murray (D)
  2 boulder beetles (D)
  Sonja (D)
  A glowing orange brain (D)
6 creatures vanquished.

Vanquished Creatures (others)
  A water moccasin (D)
  A ballistomycete spore (D)
  16 tentacles (D)
18 creatures vanquished.

Grand Total: 170 creatures vanquished

Notes
Turn   | Place    | Note
-------+----------+-------------------------------------------
     0 | D        | jt the Palentonga Berserker began the quest for the Orb.
     0 | D        | Reached XP level 1. HP: 19/19 MP: 1/1
     1 | D        | Noticed a scorpion
     1 | D        | Noticed a scorpion
     8 | D        | Killed a scorpion
     9 | D        | Reached skill level 5 in Fighting
     9 | D        | Reached skill level 5 in Axes
     9 | D        | Reached XP level 2. HP: 27/28 MP: 2/2
     9 | D        | Reached XP level 3. HP: 34/35 MP: 3/3
    13 | D        | Killed a scorpion
    14 | D        | Reached skill level 6 in Axes
    14 | D        | Reached XP level 4. HP: 28/43 MP: 4/4
    44 | D        | Killed a water moccasin
   179 | D        | Noticed a scorpion
   179 | D        | Noticed a scorpion
   191 | D        | Killed a scorpion
   191 | D        | Reached ** piety under Trog
   192 | D        | Reached skill level 7 in Axes
   192 | D        | Reached XP level 5. HP: 19/51 MP: 5/5
   201 | D        | HP: 2/51 [poisoned by a scorpion]
   501 | D        | Reached skill level 8 in Axes
   691 | D        | Found Uraumuto's Antique Armour Emporium.
   691 | D        | Found Xush's Antique Armour Shoppe.
   691 | D        | Found Fyuxt's Antique Armour Shoppe.
   691 | D        | Found Laqij's Distillery.
   691 | D        | Found Laadil's Book Emporium.
   691 | D        | Found Atexyopt's Jewellery Emporium.
   691 | D        | Found Dojyniw's Magic Scroll Shoppe.
   692 | D        | Found Nienlila's Antique Weapon Shoppe.
   692 | D        | Found Giuhiuma's Magic Scroll Emporium.
   692 | D        | Found Tidwej's Jewellery Emporium.
   692 | D        | Found Isyalemn's Distillery.
   692 | D        | Noticed Menkaure
   692 | D        | Noticed a cane toad
   692 | D        | Noticed a cane toad
   707 | D        | Killed Menkaure
   708 | D        | Reached skill level 9 in Axes
   708 | D        | Reached XP level 6. HP: 25/60 MP: 6/6
   915 | D        | Found Liukoebbau's Book Shoppe.
   915 | D        | Found Hotzulli's Distillery.
   915 | D        | Noticed an oklob plant
   916 | D        | Found Gunlaek's Antique Weapon Shoppe.
   916 | D        | Found Gennes's Book Shoppe.
   920 | D        | Noticed an iron elemental
   926 | D        | Bought a scorched war axe for 204 gold pieces
   926 | D        | Identified the +5 war axe "Heku" {vamp, rPois rC- Dex+8
                  | Stlth+} (You bought it in a shop in the Dungeon)
   948 | D        | Noticed a blink frog
   958 | D        | Killed a blink frog
   958 | D        | Reached *** piety under Trog
   959 | D        | Reached skill level 10 in Axes
   959 | D        | Gained mutation: You curl defensively after being hit.
                  | [Palentonga growth]
   959 | D        | Reached XP level 7. HP: 64/68 MP: 7/7
   978 | D        | Noticed a boulder beetle
   978 | D        | Noticed a boulder beetle
   986 | D        | Reached skill level 1 in Stealth
   990 | D        | Reached skill level 10 in Fighting
   992 | D        | Reached skill level 11 in Axes
   992 | D        | Reached skill level 5 in Dodging
   993 | D        | Reached **** piety under Trog
  1016 | D        | Bought a faintly humming chain mail for 218 gold pieces
  1016 | D        | Identified the +0 chain mail of Boeboom {Harm Str+2} (You
                  | bought it in a shop in the Dungeon)
  1090 | D        | Noticed a merfolk siren
  1095 | D        | Killed a merfolk siren
  1096 | D        | Reached skill level 12 in Axes
  1096 | D        | Reached XP level 8. HP: 79/79 MP: 8/8
  1139 | D        | Found a hazy altar of Hepliaklqana.
  1139 | D        | Found a snail-covered altar of Cheibriados.
  1140 | D        | Found a stormy altar of Qazlal.
  1140 | D        | Found a viscous altar of Jiyva.
  1140 | D        | Found a shadowy altar of Dithmenos.
  1141 | D        | Found a sacrificial altar of Ru.
  1141 | D        | Found an ancient bone altar of Kikubaaqudgha.
  1141 | D        | Found a white marble altar of Elyvilon.
  1142 | D        | Found an ornate altar of the Wu Jian Council.
  1142 | D        | Found a shimmering blue altar of Sif Muna.
  1142 | D        | Found a corrupted altar of Lugonu.
  1143 | D        | Found a shimmering altar of Xom.
  1143 | D        | Found a bloodstained altar of Trog.
  1143 | D        | Found a burning altar of Makhleb.
  1143 | D        | Found a blossoming altar of Fedhas.
  1144 | D        | Found a glowing golden altar of the Shining One.
  1144 | D        | Found a basalt altar of Yredelemnul.
  1144 | D        | Found a hide-covered altar of Uskayaw.
  1145 | D        | Found a glowing silver altar of Zin.
  1145 | D        | Found a radiant altar of Vehumet.
  1145 | D        | Noticed a polar bear
  1146 | D        | Noticed a yaktaur
  1146 | D        | Noticed a hornet
  1146 | D        | Noticed a polar bear
  1152 | D        | Killed a polar bear
  1153 | D        | Reached skill level 5 in Armour
  1153 | D        | Noticed a polar bear
  1155 | D        | Killed a polar bear
  1158 | D        | Killed a polar bear
  1159 | D        | Reached skill level 13 in Axes
  1159 | D        | Killed a hornet
  1159 | D        | Reached ***** piety under Trog
  1160 | D        | Reached XP level 9. HP: 87/87 MP: 9/9
  1160 | D        | Killed a yaktaur
  1194 | D        | Noticed a kraken
  1276 | D        | Found a sparkling altar of Nemelex Xobeh.
  1425 | D        | Found an iron altar of Okawaru.
  1425 | D        | Found an opulent altar of Gozag.
  1429 | D        | Reached skill level 14 in Axes
  1429 | D        | Reached skill level 1 in Shields
  1456 | D        | Noticed a deep troll
  1456 | D        | Noticed a deep troll
  1460 | D        | Killed a deep troll
  1460 | D        | Received a gift from Trog
  1464 | D        | Killed a deep troll
  1571 | D        | Noticed an orange crystal statue
  1592 | D        | Noticed a sphinx
  1593 | D        | Noticed a sphinx
  1597 | D        | Killed a sphinx
  1598 | D        | Reached skill level 15 in Axes
  1598 | D        | Reached XP level 10. HP: 96/96 MP: 10/10
  1602 | D        | Killed a sphinx
  1603 | D        | Reached skill level 16 in Axes
  1644 | D        | Noticed a crystal guardian
  1668 | D        | Killed a boulder beetle
  1675 | D        | Killed a boulder beetle
  1731 | D        | Bought a heavily runed ring mail for 243 gold pieces
  1731 | D        | Identified the +5 ring mail of Inference {rF+ Dex+6} (You
                  | bought it in a shop in the Dungeon)
  1755 | D        | Bought a scroll of blinking for 82 gold pieces
  1778 | D        | Reached XP level 11. HP: 66/104 MP: 11/11
  1779 | D        | Reached ****** piety under Trog
  1779 | D        | Received a gift from Trog
  1880 | D        | Found Nezxashr Jero's General Store.
  1893 | D        | Identified the ring "Ommem" {+Blink Fly rC+ Stlth-}
  1908 | D        | Noticed a death drake
  1918 | D        | Killed a death drake
  1989 | D        | Received a gift from Trog
  2164 | D        | Killed a crystal guardian
  2164 | D        | Received a gift from Trog
  2454 | D        | Noticed a death drake
  2467 | D        | Killed a death drake
  2469 | D        | HP: 5/108 [poisoned by a death drake (dark miasma)]
  2470 | D        | HP: 2/108 [poisoned by a death drake (dark miasma)]
  2475 | D        | HP: 1/108 [poisoned by a death drake (dark miasma)]
  2820 | D        | Noticed a great orb of eyes
  2826 | D        | Killed a great orb of eyes
  2827 | D        | Reached skill level 17 in Axes
  2840 | D        | Noticed a fire dragon
  2849 | D        | Killed a fire dragon
  2888 | D        | Bought a potion of curing for 30 gold pieces
  2888 | D        | Bought a potion of heal wounds for 50 gold pieces
  2888 | D        | Bought a potion of curing for 30 gold pieces
  2921 | D        | Noticed a deep elf master archer
  2928 | D        | Noticed a shining eye
  2928 | D        | Noticed a shining eye
  2928 | D        | Noticed a shining eye
  2931 | D        | Gained mutation: Your spells are a little easier to cast,
                  | but a little less powerful. [a shining eye]
  2932 | D        | Killed a shining eye
  2933 | D        | Reached skill level 15 in Fighting
  2935 | D        | Killed a shining eye
  2940 | D        | Killed a shining eye
  2994 | D        | Killed a deep elf master archer
  2995 | D        | Reached XP level 12. HP: 118/118 MP: 12/12
  3019 | D        | Found the +0 mask of the Dragon {Will+ Slay+3 SInv}
  3027 | D        | Received a gift from Trog
  3038 | D        | Reached skill level 18 in Axes
  3052 | D        | Received a gift from Trog
  3116 | D        | Identified the ring of Cynicism {rPois rF+ rCorr}
  3132 | D        | Identified 4 scrolls of acquirement
  3133 | D        | Acquired the amulet "Hith" {Reflect rF+ MP+9 SH+5}
  3145 | D        | Acquired a +1 executioner's axe of electrocution
  3147 | D        | Acquired a +1 barding of cold resistance
  3154 | D        | Acquired +2 gold dragon scales
  3211 | D        | Bought a scroll of enchant armour for 82 gold pieces
  3275 | D        | Killed a kraken
  3276 | D        | Reached skill level 15 in Armour
  3316 | D        | Noticed a red draconian shifter
  3316 | D        | Noticed Sonja
  3322 | D        | Noticed a hellephant
  3330 | D        | Received a gift from Trog
  3337 | D        | Killed Sonja
  3343 | D        | Killed a red draconian shifter
  3346 | D        | Killed a hellephant
  3347 | D        | Reached skill level 19 in Axes
  3660 | D        | Identified the +10 battleaxe "Jemegg" {vorpal, rC+} (Trog
                  | gifted it to you in the Dungeon)
  3660 | D        | Received a gift from Trog
  3679 | D        | Noticed a deep elf blademaster
  3716 | D        | Killed a deep elf blademaster
  3717 | D        | Reached XP level 13. HP: 79/130 MP: 13/13
  3954 | D        | Received a gift from Trog
  3954 | D        | Found the +14 obsidian axe {vorpal, Drain Fly SInv}
  3963 | D        | Found the +3 giant club "Skullcrusher" {speed, Str+7}
  3965 | D        | Noticed a dire elephant
  3974 | D        | Killed a dire elephant
  3988 | D        | Identified the ring "Taraula" {Fire *Corrode Will+ Int+4}
  4039 | D        | Identified the +8 spear "Mukhlako" {elec, rPois rN+ Dex+2}
  4045 | D        | Identified the +3 mace of Qism {vorpal, rPois rC+ Will+}
  4068 | D        | Noticed Gastronok
  4073 | D        | Killed Gastronok
  4073 | D        | Received a gift from Trog
  4086 | D        | Reached skill level 20 in Axes
  4130 | D        | Found Dyesm's Book Shoppe.
  4141 | D        | Acquired 757 gold pieces
  4143 | D        | Acquired a +0 cloak of stealth
  4173 | D        | Found Raotu's Antique Armour Emporium.
  4176 | D        | Found Xyagg's Antique Armour Shop.
  4177 | D        | Noticed Nessos
  4183 | D        | Killed Nessos
  4184 | D        | Reached skill level 5 in Throwing
  4266 | D        | Received a gift from Trog
  4266 | D        | Gained mutation: You are frail. (-10% HP) [a shining eye]
  4271 | D        | Paralysed by a floating eye for 3 turns
  4271 | D        | Gained mutation: Your magical capacity is low. (-10% MP) [a
                  | shining eye]
  4273 | D        | Gained mutation: You are clumsy. (Dex -2) [a shining eye]
  4274 | D        | Gained mutation: You have hidden genetic defects. [a
                  | shining eye]
  4275 | D        | Gained mutation: You sometimes lose the ability to read
                  | scrolls when taking damage. [a shining eye]
  4277 | D        | Gained mutation: Your body sometimes deteriorates upon
                  | taking damage. [a shining eye]
  4278 | D        | Gained mutation: You are very clumsy. (Dex -4) [hidden
                  | defects]
  4280 | D        | Paralysed by a floating eye for 2 turns
  4283 | D        | Received a gift from Trog
  4285 | D        | Gained mutation: You are very frail. (-20% HP) [a shining
                  | eye]
  4314 | D        | Lost mutation: Your spells are a little easier to cast, but
                  | a little less powerful. [potion of mutation]
  4314 | D        | Lost mutation: You are very clumsy. (Dex -4) [potion of
                  | mutation]
  4314 | D        | Gained mutation: You have terrible hidden genetic defects.
                  | [potion of mutation]
  4314 | D        | Gained mutation: You are extremely frail. (-30% HP) [potion
                  | of mutation]
  4314 | D        | Gained mutation: Your muscles are strong. (Str +2) [potion
                  | of mutation]
  4315 | D        | Reached skill level 1 in Evocations
  4315 | D        | Reached XP level 14. HP: 102/102 MP: 12/12
  4316 | D        | Lost mutation: Your muscles are strong. (Str +2) [potion of
                  | mutation]
  4316 | D        | Lost mutation: Your body sometimes deteriorates upon taking
                  | damage. [potion of mutation]
  4316 | D        | Gained mutation: You tend to lose your temper in combat.
                  | [potion of mutation]
  4316 | D        | Gained mutation: Your skin changes colour to match your
                  | surroundings (Stealth+). [potion of mutation]
  4317 | D        | Lost mutation: Your magical capacity is low. (-10% MP)
                  | [potion of mutation]
  4317 | D        | Lost mutation: You are clumsy. (Dex -2) [potion of
                  | mutation]
  4317 | D        | Gained mutation: Your mind is acute. (Int +2) [potion of
                  | mutation]
  4317 | D        | Gained mutation: You expend magic power (3 MP) to
                  | strengthen your wands. [potion of mutation]
  4318 | D        | Lost mutation: You are extremely frail. (-30% HP) [potion
                  | of mutation]
  4318 | D        | Lost mutation: You have terrible hidden genetic defects.
                  | [potion of mutation]
  4318 | D        | Lost mutation: You tend to lose your temper in combat.
                  | [potion of mutation]
  4318 | D        | Lost mutation: You have hidden genetic defects. [potion of
                  | mutation]
  4318 | D        | Gained mutation: You passively map a small area around you.
                  | [potion of mutation]
  4333 | D        | Noticed a quicksilver dragon
  4337 | D        | Received a gift from Trog
  4339 | D        | Killed a quicksilver dragon
  4590 | D        | Noticed a quicksilver dragon
  4603 | D        | Killed a quicksilver dragon
  4604 | D        | Reached skill level 21 in Axes
  4950 | D        | Noticed a purple draconian knight
  4953 | D        | Noticed the 27-headed Lernaean hydra
  4966 | D        | Reached skill level 5 in Evocations
  5009 | D        | Received a gift from Trog
  5049 | D        | Killed a purple draconian knight
  5050 | D        | Reached XP level 15. HP: 118/122 MP: 15/15
  5059 | D        | Received a gift from Trog
  5083 | D        | Killed the 27-headed Lernaean hydra
  5109 | D        | Found Edusecaops's General Store.
  5117 | D        | Acquired the -3 helmet of Dageer {rElec}
  5132 | D        | Bought 2 potions of heal wounds for 100 gold pieces
  5209 | D        | Bought a scroll of identify for 22 gold pieces
  5209 | D        | Bought a scroll of identify for 22 gold pieces
  5209 | D        | Bought a scroll of identify for 22 gold pieces
  5213 | D        | Acquired the +4 barding of the Forest {Will+ Str+4}
  5215 | D        | Acquired the ring "Lofiohul" {rC+ rN+ Int+3 Stlth+}
  5276 | D        | Noticed an electric golem
  5284 | D        | Killed an electric golem
  5287 | D        | Received a gift from Trog
  5367 | D        | Identified the +0 chain mail "Limejil" {+Blink Will++}
  5489 | D        | Noticed a quicksilver dragon
  5495 | D        | Killed a quicksilver dragon
  5839 | D        | Noticed Murray
  5854 | D        | Killed Murray
  5855 | D        | Reached skill level 22 in Axes
  5859 | D        | Got the Orb of Zot
  5890 | D        | Noticed an Orb Guardian
  5938 | D        | Killed an Orb Guardian
  5938 | D        | Received a gift from Trog
  5987 | D        | Escaped with the Orb!

Illustrated notes

Levels and vault maps discovered:
D:        the_violet_keep_of_menkaure [sprint2_stairs_cluster_1,
          sprint2_shoproom, sprint2_temple, sprint2_basic_supplies,
          sprint2_obstacle_7, sprint2_obstacle_4, sprint2_obstacle_1,
          sprint2_obstacle_2, sprint2_obstacle_3, sprint2_timed_cluster_1,
          sprint2_smallroom_cluster_1, sprint2_smallroom_final_cluster_1,
          sprint2_transparent_cluster_1, sprint2_second_timed_cluster_1,
          sprint2_sniper_area_1, sprint2_heavy_combat_area_1,
          sprint2_mutation_trap_area_1, sprint2_forest_area_1,
          sprint2_light_combat_area_1, sprint2_behind_water_1,
          sprint2_near_end_vault_1]

Skill      XL: |  1  2  3  4  5  6  7  8  9 10 11 12 13 14 15 |
---------------+----------------------------------------------+-----
Fighting       | 5 6 7 8 9 10 11 12 13 15 17 19 20 | 20.8
Axes           | 5 6 7 9 10 12 13 15 16 17 19 20 21 22 | 22.1
Armour         | 2 3 4 5 9 12 14 16 17 18 | 18.6
Dodging        | 2 3 4 5 6 |  6.2
Stealth        | 1 2 |  2.2
Shields        | 2 |  2.4
Throwing       | 2 6 |  6.0
Evocations     | 1 5 9 |  9.4

Action                   |  1- 3 |  4- 6 |  7- 9 | 10-12 | 13-15 || total
-------------------------+-------+-------+-------+-------+-------++-------
Melee: Hand axe          |    11 |    20 |       |       |       ||    31
       Tailslap          |     2 |     4 |    12 |    54 |    30 ||   102
       War axe           |       |     4 |    42 |   161 |       ||   207
       Battleaxe         |       |       |       |    80 |   142 ||   222
       Broad axe         |       |       |       |     5 |    21 ||    26
       Executioner's axe |       |       |       |     1 |       ||     1
Throw: Dart              |       |       |     1 |     3 |       ||     4
       Javelin           |       |       |       |     1 |     1 ||     2
Invok: Berserk           |     1 |     1 |     4 |     3 |     4 ||    13
       Trog's Hand       |       |       |     2 |     5 |     4 ||    11
       Brothers in Arms  |       |       |       |     2 |     1 ||     3
 Abil: Rolling Charge    |       |     2 |     1 |    11 |    22 ||    36
Evoke: Condenser vane    |       |       |       |       |     2 ||     2
       Tin of tremorston |       |       |       |       |     2 ||     2
       Phial of floods   |       |       |       |       |     1 ||     1
  Use: Potion            |       |     1 |     2 |     5 |     9 ||    17
       Scroll            |       |       |       |     9 |    11 ||    20
 Stab: Distracted        |       |       |       |     2 |     1 ||     3
       Confused          |       |       |       |       |     1 ||     1
Armor: Animal skin       |     1 |     3 |     1 |       |       ||     5
       Chain mail        |       |       |    20 |     4 |       ||    24
       Ring mail         |       |       |       |    54 |       ||    54
       Gold dragon scale |       |       |       |    57 |    97 ||   154
Dodge: Dodged            |     3 |     6 |    20 |    64 |    16 ||   109
Block: Buckler           |       |       |       |    40 |       ||    40
       Other             |       |       |       |     3 |    14 ||    17

Table legend: (Time is in decaauts)
 A = Elapsed time spent in this place.
 B = Non-inter-level travel time spent in this place.
 C = Inter-level travel time spent in this place.
 D = Time resting spent in this place.
 E = Time spent auto-exploring this place.
 F = Levels seen in this place.
 G = Mean time per level.
                   A        B        C        D        E       F      G
               +--------+--------+--------+--------+--------+-----+--------+
         Total |   6028 |   5835 |    193 |   3368 |      0 |   1 | 6028.0 |
       Dungeon |   6028 |   5835 |    193 |   3368 |      0 |   1 | 6028.0 |
               +--------+--------+--------+--------+--------+-----+--------+

Top non-repeatable levels by time:
       D: 6028 daAuts
